AoeStats
← 落花之情

Arena

506204567Analyzed
4v4 RM · 19d ago on Sep 12, 2026· 37m 14s· 8 players
Game mode
Random Map
Map size
Large (8 player)
Population
200
Speed
Normal
Resources
Standard
Victory
Conquest
Starting age
Dark Age
Ending age
Imperial Age
RankedLock teamsTeams togetherTeam positionsShared explorationLock speedFull tech treeHidden civsTurbo modeCheats
Victory
Defeat
🇺🇸 Italians · United States
1682
+10
🇨🇳 Goths · China
1639
+12
🇨🇳 Vietnamese · China
1521
+17
🇨🇳 Teutons · China
1416
+21
🇦🇷 Khmer · Argentina
1577
-16
🇮🇩 Bengalis · Indonesia
1537
-15
🇺🇸 Persians · United States
1534
-15
🇸🇰 Teutons · Slovakia
1527
-14
feshark
5:33 Loom
8:40 Feudal Age
9:35 Double-Bit Axe
13:02 Fletching
25:31 Castle Age
23:22 Horse Collar
23:34 Gold Mining
23:35 Stone Mining
26:14 Heavy Plow
26:27 Scale Mail Armor
29:11 Bodkin Arrow
Fluffy Chirp
12:15 Feudal Age
12:54 Double-Bit Axe
15:54 Castle Age
16:50 Bow Saw
16:21 Horse Collar
17:02 Heavy Plow
18:04 Wheelbarrow
21:45 Stone Mining
22:19 Gold Mining
23:48 Gold Shaft Mining
23:36 Hand Cart
23:09 Loom
26:01 Scale Barding Armor
26:06 Forging
29:10 Imperial Age
27:07 Chain Barding Armor
27:50 Husbandry
28:01 Bloodlines
28:43 Iron Casting
29:40 Stone Shaft Mining
29:55 Conscription
29:51 Elite War Elephant
32:39 Chemistry
31:38 Town Watch
32:16 Devotion
32:05 Light Cavalry
34:30 Faith
35:22 Plate Barding Armor
35:47 Blast Furnace
35:21 Fletching
36:17 Ballistics
Embege
5:11 Loom
10:57 Feudal Age
15:01 Castle Age
12:50 Double-Bit Axe
13:06 Horse Collar
17:22 Bow Saw
25:30 Gold Mining
26:43 Wheelbarrow
26:53 Gold Shaft Mining
26:09 Stone Mining
27:24 Heavy Plow
28:09 Hand Cart
31:58 Imperial Age
29:20 Fletching
29:30 Padded Archer Armor
30:17 Bodkin Arrow
30:22 Padded Archer Armor
31:30 Ballistics
31:11 Treadmill Crane
32:01 Leather Archer Armor
32:30 Paiks
32:55 Bloodlines
32:45 Husbandry
32:11 Elite Elephant Archer
34:23 Chemistry
34:56 Two-Man Saw
34:22 Conscription
35:14 Bracer
34:40 Light Cavalry
36:28 Ring Archer Armor
ME_DEPRIME_JUGAR_CON_USTEDES
10:49 Feudal Age
13:35 Castle Age
12:00 Double-Bit Axe
13:31 Loom
13:41 Gold Mining
14:40 Bow Saw
25:02 Wheelbarrow
25:12 Horse Collar
29:02 Heavy Plow
30:01 Gold Shaft Mining
33:37 Imperial Age
33:44 Heavy Scorpion
34:47 Conscription
34:27 Double Crossbow
35:35 Chemistry
35:52 Scale Barding Armor
36:40 Bloodlines
37:21 Chain Barding Armor
37:04 Husbandry
37:13 Stone Mining
_LZ_
10:34 Feudal Age
10:02 Loom
15:20 Castle Age
16:37 Fletching
18:23 Bodkin Arrow
32:08 Double-Bit Axe
33:36 Bow Saw
34:07 Wheelbarrow
36:38 Horse Collar
37:29 Stone Mining
37:37 Gold Mining
椒香三角铁
10:43 Feudal Age
14:40 Castle Age
12:46 Horse Collar
12:56 Double-Bit Axe
14:14 Horse Collar
18:31 Bow Saw
19:57 Fletching
21:50 Padded Archer Armor
23:35 Bodkin Arrow
24:26 Leather Archer Armor
26:38 Wheelbarrow
25:51 Loom
28:00 Hand Cart
32:38 Imperial Age
29:54 Town Watch
30:13 Gold Mining
30:31 Scale Mail Armor
30:41 Forging
30:07 Pikeman
30:47 Squires
31:40 Sanctity
33:01 Squires
34:07 Theocracy
34:21 Chain Mail Armor
34:42 Iron Casting
35:28 Bracer
35:58 Ring Archer Armor
35:54 Ballistics
36:34 Chemistry
35:30 Halberdier
落花之情
10:01 Feudal Age
11:24 Double-Bit Axe
13:51 Castle Age
12:15 Horse Collar
18:46 Wheelbarrow
23:22 Bow Saw
23:22 Loom
23:59 Hand Cart
23:47 Town Watch
29:11 Imperial Age
26:43 Scale Mail Armor
26:37 Gold Mining
27:11 Forging
27:46 Scale Barding Armor
27:59 Chain Mail Armor
29:06 Iron Casting
28:56 Heavy Plow
29:01 Squires
30:12 Conscription
29:37 Pikeman
31:43 Blast Furnace
33:57 Guilds
34:17 Coinage
33:37 Halberdier
35:08 Anarchy
36:33 Banking
36:21 Perfusion
36:29 Elite Huskarl
六七只
10:15 Feudal Age
13:47 Castle Age
12:31 Double-Bit Axe
12:58 Horse Collar
15:28 Bow Saw
21:02 Loom
23:30 Gold Mining
25:31 Wheelbarrow
28:18 Imperial Age
26:18 Scale Barding Armor
26:32 Stone Mining
27:19 Heavy Plow
27:43 Chain Barding Armor
27:55 Bloodlines
28:03 Hand Cart
28:18 Forging
28:21 Cavalier
29:37 Plate Barding Armor
30:27 Stone Shaft Mining
30:33 Iron Casting
30:04 Paladin
32:44 Blast Furnace
33:15 Fletching
37:08 Town Watch
Connection lost

Rejoining the realm…

Still unreachable

The connection could not be restored.

Session expired

The server has moved on; the page needs a fresh start.